 Dungeon Crawl Stone Soup version 0.29.1-12-g30fa7ad0bf (webtiles) character file.

Game seed: 16123466128966254987

468 Jase the Poker (level 7, -10/50 HPs)
             Began as a Merfolk Gladiator on Sept 21, 2022.
             Was a Priest of Zin.
             Mangled by an orc warrior
             ... wielding a +0 war axe
              (13 damage)
             ... on level 4 of the Dungeon on Dec 19, 2022.
             The game lasted 00:13:31 (3286 turns).

Jase the Poker (Merfolk Gladiator)                  Turns: 3286, Time: 00:13:32

Health: -10/50     AC:  7    Str: 14    XL:     7   Next: 8%
Magic:  9/9        EV: 13    Int:  9    God:    Zin [***...]
Gold:   67         SH:  0    Dex: 16    Spells: 6/6 levels left

rFire   + . .      SeeInvis .   a - +0 trident
rCold   + . .      Faith    .   (no shield)
rNeg    . . .      Spirit   .   s - +0 ring mail
rPois   .          Reflect  .   c - +0 helmet
rElec   .          Harm     .   i - scarf {rC+ rF+}
rCorr   .          Rampage  .   (no gloves)
Will    .....                   q - +0 pair of boots
Stlth   +.........              (no amulet)
HPRegen 0.16/turn               (no ring)
MPRegen 0.11/turn               (no ring)

@: on recite cooldown
A: (nimble swimmer 2), mertail
a: Renounce Religion, Recite, Vitalisation, Imprison, Donate Gold


You were on level 4 of the Dungeon.
You worshipped Zin.
Zin was most pleased with you.
You visited 1 branch of the dungeon, and saw 4 of its levels.

You collected 207 gold pieces.
You spent 120 gold pieces at shops.
You donated 20 gold pieces to Zin.

Inventory:

Hand Weapons
 a - a +0 trident (weapon)
Missiles
 d - 3 throwing nets (quivered)
 e - a javelin
 f - 24 stones
Armour
 c - a +0 helmet (worn)
 i - a scarf of resistance (worn)
 o - a +2 scale mail of fire resistance
 q - a +0 pair of boots (worn)
 s - a +0 ring mail (worn)
Wands
 r - a wand of iceblast (6)
Scrolls
 g - 2 scrolls of identify {unknown}
 j - a scroll of acquirement {unknown}
 l - 2 scrolls of enchant armour {unknown}
 p - a scroll of noise {unknown}
Potions
 b - a potion of heal wounds {unknown}
 h - a potion of attraction {unknown}
 k - a potion of flight
 m - 2 potions of might {unknown}
 n - 4 potions of curing


   Skills:
 + Level 2.2 Fighting
 + Level 7.0 Polearms
 - Level 2.0 Throwing
 + Level 6.9 Dodging
 + Level 3.7 Invocations


You had 6 spell levels left.
You didn't know any spells.
Your spell library was empty.

Dungeon Overview and Level Annotations

Branches:
Dungeon (4/15)
 Temple: D:4-7

Altars:
Zin

Shops:
D:2 ([(*   D:3 !


Innate Abilities, Weirdness & Mutations

((You are very nimble when in or above water. (Stealth+, EV+, Speed+++)))
Your lower body shifts to a powerful aquatic tail in water.


Message History

The orc warrior is moderately wounded.
The orc warrior completely misses you.
You catch the helpless orc warrior completely off-guard!
You hit the orc warrior.
The orc warrior is heavily wounded.
The orc warrior closely misses you.
You hit the orc warrior but do no damage.
The orc warrior is heavily wounded.
The orc warrior hits you with a +0 war axe!
You hit the orc warrior but do no damage.
The orc warrior is heavily wounded.
The orc warrior hits you with a +0 war axe!
* * * LOW HITPOINT WARNING * * *
You closely miss the orc warrior.
The orc warrior is heavily wounded.
The orc warrior hits you with a +0 war axe!
Zin protects you from harm!
You hit the orc warrior but do no damage.
The orc warrior is heavily wounded.
The orc warrior hits you with a +0 war axe.
* * * LOW HITPOINT WARNING * * *
Okay, then.
Okay, then.
Okay, then.
You see here a worm corpse.
Okay, then.
You hit the orc warrior.
The orc warrior is heavily wounded.
The orc warrior barely misses you.
You barely miss the orc warrior.
The orc warrior is heavily wounded.
The orc warrior barely misses you.
You hit the orc warrior but do no damage.
You punch the orc warrior, but do no damage.
The orc warrior is heavily wounded.
The orc warrior completely misses you.
You puncture the orc warrior!
The orc warrior is severely wounded.
The orc warrior hits you with a +0 war axe!
You die...

#.# #.# #.# #.#
#.# #o# #.# #o#
#@################
#.....)...........
#.################
###


You could see an orc warrior (blind) and an orc (corona).

Vanquished Creatures
  Sigmund (D:2)
  A scorpion (D:4)
  2 hounds (D:4)
  Jessica (D:3)
  Terence (D:2)
  2 orc wizards (D:3)
  Robin (D:2)
  An adder (D:3)
  2 worms
  3 dart slugs (D:1)
  6 orcs
  5 ball pythons
  2 endoplasms
  4 giant cockroaches
  11 goblins
  9 hobgoblins
  6 jackals
  2 kobolds
  A quokka (D:2)
  4 bats
  2 frilled lizards (D:1)
  2 rats
69 creatures vanquished.

Notes
Turn   | Place    | Note
-------+----------+-------------------------------------------
     0 | D:1      | Jase the Merfolk Gladiator began the quest for the Orb.
     0 | D:1      | Reached XP level 1. HP: 16/16 MP: 1/1
   406 | D:1      | Reached XP level 2. HP: 22/22 MP: 2/2
   774 | D:1      | Reached XP level 3. HP: 23/27 MP: 3/3
  1022 | D:2      | Upgraded the game from 0.29.1-1-gd02db6906a to
                  | 0.29.1-12-g30fa7ad0bf
  1047 | D:2      | Noticed Robin
  1173 | D:2      | Found a faded altar of an unknown god.
  1176 | D:2      | Prayed at the altar of an unknown god.
  1176 | D:2      | Became a worshipper of Zin the Law-Giver
  1176 | D:2      | Reached * piety under Zin
  1270 | D:2      | Found Kefum's General Store.
  1282 | D:2      | Noticed Terence
  1341 | D:2      | Killed Terence
  1342 | D:2      | Reached skill level 5 in Polearms
  1342 | D:2      | Reached skill level 5 in Dodging
  1342 | D:2      | Reached skill level 1 in Invocations
  1342 | D:2      | Reached XP level 4. HP: 33/33 MP: 4/4
  1453 | D:2      | Found Xuted's Antique Weapon Shop.
  1455 | D:2      | Found Lizuduomp's Antique Armour Boutique.
  1539 | D:2      | Noticed Sigmund
  1606 | D:2      | Killed Sigmund
  1607 | D:2      | Reached skill level 6 in Polearms
  1607 | D:2      | Reached XP level 5. HP: 33/38 MP: 4/6
  1878 | D:2      | Killed Robin
  1879 | D:2      | Reached XP level 6. HP: 36/44 MP: 6/8
  2028 | D:2      | Found Elohig's Weapon Emporium.
  2185 | D:3      | Found Seumus's Distillery.
  2198 | D:3      | Reached ** piety under Zin
  2212 | D:3      | Bought a potion of degeneration for 12 gold pieces
  2212 | D:3      | Bought a potion of curing for 36 gold pieces
  2212 | D:3      | Bought a potion of lignification for 36 gold pieces
  2214 | D:3      | Bought a potion of flight for 36 gold pieces
  2222 | D:3      | Reached *** piety under Zin
  2302 | D:3      | Noticed Jessica
  2312 | D:3      | Killed Jessica
  3147 | D:4      | Reached XP level 7. HP: 50/50 MP: 9/9
  3228 | D:4      | Reached skill level 7 in Polearms
  3274 | D:4      | Zin protects you from harm!
  3275 | D:4      | HP: 1/50 [orc warrior/+0 war axe (6)]
  3286 | D:4      | Mangled by an orc warrior

Illustrated notes

Levels and vault maps discovered:
D:1:      erik_arrival_orb_chamber, layout_basic, st_stairs_5,
          chequers_arboretum, skrybe_limestone_x
D:2:      layout_loops_ring, serial_shops, shop, shop, nicolae_shop_waterfront,
          nicolae_square_shop, chequers_ecumenical_altar_island,
          nicolae_underground_beach, uniq_robin, uniq_terence, uniq_sigmund
D:3:      layout_rooms, serial_shops, shop_coins, uniq_jessica
D:4:      minmay_chambers_of_twos, layout_basic, mainiacjoe_overflow_paths,
          grunt_temple_overflow_cloverleaf, serial_shops, nicolae_shop_stone,
          uniq_ijyb

Skill      XL: |  1  2  3  4  5  6  7 |
---------------+----------------------+-----
Polearms       | 5 6 7 |  7.0
Dodging        | 5 6 |  6.9
Invocations    | 1 2 3 |  3.7
Fighting       | |  2.2
Throwing       | |  2.0

Action                   |  1- 3 |  4- 6 |  7- 9 || total
-------------------------+-------+-------+-------++-------
Melee: Trident           |    92 |   148 |    35 ||   275
       Punch             |     1 |     2 |     3 ||     6
Throw: Throwing net      |       |     1 |       ||     1
Invok: Vitalisation      |       |     2 |       ||     2
       Recite            |       |     1 |     1 ||     2
 Stab: Sleeping          |     2 |       |       ||     2
       Invisible         |       |       |     5 ||     5
       Distracted        |       |       |     1 ||     1
Armor: Leather armour    |    20 |    25 |       ||    45
       Ring mail         |       |     8 |     3 ||    11
Dodge: Dodged            |    53 |    60 |    16 ||   129
